 Dungeon Crawl Stone Soup version 0.27.0-1-g7a089689b8 (webtiles) character file.

Game seed: 18373970734607606881

67 thirtiethelement the Skirmisher (level 4, -4/37 HPs)
             Began as a Demonspawn Abyssal Knight on Aug 9, 2021.
             Was a Believer of Lugonu.
             Slain by an iguana (8 damage)
             ... on level 3 of the Dungeon.
             The game lasted 00:04:42 (2638 turns).

thirtiethelement the Skirmisher (DsAK)              Turns: 2638, Time: 00:04:44

Health: -4/37      AC:  4    Str: 14    XL:     4   Next: 0%
Magic:  0/5        EV: 11    Int: 13    God:    Lugonu [**....]
Gold:   45         SH:  4    Dex: 12    Spells: 1/3 levels left

rFire    . . .     SeeInvis .   a - +1 falchion
rCold    . . .     Faith    .   (no shield)
rNeg     . . .     Spirit   +   b - +0 leather armour
rPois    .         Reflect  .   (helmet restricted)
rElec    .         Harm     .   (no cloak)
rCorr    .         Rampage  .   d - +0 pair of gloves
Will     +....                  (no boots)
Stlth    +.........             c - amulet of guardian spirit
HPRegen  0.12/turn              f - ring of willpower
MPRegen  0.09/turn              (no ring)

@: no status effects
A: antennae 2, large bone plates 1
a: Renounce Religion, Depart the Abyss, Bend Space


You were on level 3 of the Dungeon.
You worshipped Lugonu.
Lugonu was pleased with you.
You visited 1 branch of the dungeon, and saw 3 of its levels.
You visited the Abyss 1 time.

You collected 89 gold pieces.
You spent 44 gold pieces at shops.

Inventory:

Hand Weapons
 a - a +1 falchion (weapon)
Armour
 b - a +0 leather armour (worn)
 d - a +0 pair of gloves (worn)
Jewellery
 c - an amulet of guardian spirit (around neck)
 f - a ring of willpower (left hand)
 l - an amulet of magic regeneration
Scrolls
 e - a scroll of identify
 g - a scroll of amnesia
 h - a scroll of holy word {unknown}
 m - a scroll of teleportation
Potions
 i - a potion of lignification {unknown}
 j - a potion of degeneration {unknown}
 k - a potion of might {unknown}


   Skills:
 + Level 3.8 Fighting
 + Level 2.4 Long Blades
 + Level 2.0 Armour
 + Level 1.7 Dodging
 + Level 2.5 Invocations


You had one spell level left.
You knew the following spells:

 Your Spells              Type           Power      Damage    Failure   Level
a - Slow                  Hex            0%         N/A       50%         2

Your spell library contained the following spells:

 Spells                   Type           Power      Damage    Failure   Level
 Confusing Touch          Hex            0%         N/A       75%         3
 Yara's Violent Unravell  Hex/Tmut       0%         3d3       100%        5


Dungeon Overview and Level Annotations

Branches:
Dungeon (3/15)

Altars:

Shops:
D:2 ?

Annotations:
D:3 Grinder


Innate Abilities, Weirdness & Mutations

You have a pair of antennae on your head.
You are partially covered in large bone plates. (SH +4)


Message History

The iguana is moderately wounded.
The iguana barely misses you.
You hit the iguana but do no damage.
The iguana is moderately wounded.
The iguana bites you!
You hit the iguana but do no damage.
The iguana is moderately wounded.
The iguana bites you.
You hit the iguana.
The iguana is heavily wounded.
Grinder gestures at you. You resist with some effort.
The iguana completely misses you. Grinder gestures at you.
You suddenly lose the ability to move!
The iguana bites you but does no damage.
Grinder blinks!
Your magical contamination has completely faded away.
The iguana bites you. x2
* * * LOW HITPOINT WARNING * * *
You can move again.
You hit the iguana but do no damage.
The iguana is heavily wounded.
The iguana bites you but does no damage.
The iguana misses you.
You riposte.
You hit the iguana.
The iguana is severely wounded.
You hit the iguana.
The iguana is severely wounded.
The iguana barely misses you.
You riposte.
You hit the iguana but do no damage.
The iguana is severely wounded.
You barely miss the iguana.
The iguana is severely wounded.
The iguana bites you.
* * * LOW HITPOINT WARNING * * *
You hit the iguana.
The iguana is almost dead.
Grinder gestures at you. Pain shoots through your body!
* * * LOW HITPOINT WARNING * * *
The iguana bites you!
You die...

#.# #.## #..#
##.# #.# #.#
#.# ##.##
#########
#...###@...5...
#.......l.##.##
#...###.#.#
##### #.#...
#.# ##. #.. #
###


You could see Grinder and an iguana.

Vanquished Creatures
  An adder (D:2)
  8 bats
  4 endoplasms
  4 giant cockroaches
  3 goblins
  5 hobgoblins
  8 jackals
  4 quokkas
  A ball python (D:1)
  3 frilled lizards
  4 kobolds
  7 rats
52 creatures vanquished.

Notes
Turn   | Place    | Note
-------+----------+-------------------------------------------
     0 | Abyss:1  | thirtiethelement the Demonspawn Abyssal Knight began the
                  | quest for the Orb.
     0 | Abyss:1  | Reached XP level 1. HP: 18/18 MP: 2/2
    40 | Abyss:2  | Noticed a neqoxec
    50 | D:1      | Escaped the Abyss
   554 | D:1      | Gained mutation: You have a pair of small antennae on your
                  | head. [demonic ancestry]
   554 | D:1      | Reached XP level 2. HP: 24/24 MP: 1/3
   790 | D:1      | Reached * piety under Lugonu
  1058 | D:1      | Gained mutation: You have a pair of antennae on your head.
                  | [demonic ancestry]
  1058 | D:1      | Reached XP level 3. HP: 30/30 MP: 4/4
  1101 | D:1      | Reached skill level 1 in Dodging
  1474 | D:2      | Found a faded altar of an unknown god.
  1823 | D:2      | HP: 1/30 [poisoned by an adder]
  1896 | D:2      | Reached ** piety under Lugonu
  2104 | D:2      | Found Waoffei's Magic Scroll Emporium.
  2111 | D:2      | Bought a scroll of noise for 11 gold pieces
  2111 | D:2      | Bought a scroll of teleportation for 33 gold pieces
  2271 | D:2      | Learned a level 2 spell: Slow
  2512 | D:2      | Gained mutation: You are partially covered in large bone
                  | plates. (SH +4) [demonic ancestry]
  2512 | D:2      | Reached XP level 4. HP: 34/37 MP: 5/5
  2619 | D:3      | Noticed Grinder
  2619 | D:3      | Paralysed by Grinder for 4 turns
  2631 | D:3      | Paralysed by Grinder for 4 turns
  2638 | D:3      | Slain by an iguana

Illustrated notes

Levels and vault maps discovered:
D:1:      minmay_arrival_split_and_join, layout_basic
D:2:      layout_loops_cross, serial_shops, nicolae_diamond_shop,
          dreamdust_ecumenical_altar_statues, hangedman_decor_clover_reticule
D:3:      layout_loops_cross, gammafunk_ghost_cemetery, uniq_grinder,
          uniq_robin, uniq_crazy_yiuf_cottage

Skill      XL: |  1  2  3 |
---------------+----------+-----
Long Blades    | 2 |  2.4
Armour         | 2 |  2.0
Dodging        | 1 |  1.7
Fighting       | |  3.8
Invocations    | |  2.5

Action                   |  1- 3 |  4- 6 || total
-------------------------+-------+-------++-------
Melee: Falchion          |   143 |    10 ||   153
 Cast: Slow              |     2 |     1 ||     3
Invok: Depart the Abyss  |     1 |       ||     1
  Use: Scroll            |     2 |       ||     2
       Potion            |     1 |       ||     1
 Stab: Sleeping          |     1 |       ||     1
Armor: Leather armour    |    62 |     3 ||    65
Dodge: Dodged            |   153 |     6 ||   159
Block: Other             |       |     1 ||     1
       Rpst.: Falchion   |    45 |     2 ||    47
